 Dungeon Crawl Stone Soup version 0.29-a0-334-gb41bcbb86e (webtiles) character file.

Game seed: 404802924534865663

2 spaghetti the Sneak (level 1, -1/21 HPs)
             Began as a Naga Delver on Apr 14, 2022.
             Was an Initiate of Trog.
             Slain by a jelly (2 damage)
             ... on level 5 of the Dungeon.
             The game lasted 00:01:27 (645 turns).

spaghetti the Sneak (Naga Delver)                    Turns: 645, Time: 00:01:28

Health: -1/21      AC: -2    Str: 14    XL:     1   Next: 30%
Magic:  1/1        EV:  9    Int: 10    God:    Trog [......]
Gold:   17         SH:  0    Dex: 12    Spells: 0/0 levels left

rFire   . . .      SeeInvis +   a - +0 short sword {short}
rCold   . . .      Faith    .   (no shield)
rNeg    . . .      Spirit   .   b - +0 leather armour
rPois   +          Reflect  .   (no helmet)
rElec   .          Harm     .   (no cloak)
rCorr   .          Rampage  .   (no gloves)
Will    .....                   (no barding)
Stlth   +++.......              j - amulet of the acrobat
HPRegen 0.07/turn               (no ring)
MPRegen 0.07/turn               (no ring)

@: short of breath, corroded, hasted, quick
A: AC +0, large, see invisible, deformed body, poison resistance, slowness 2,
spit poison 1, naga tail 1
a: Spit Poison, Renounce Religion


You were on level 5 of the Dungeon.
You worshipped Trog.
Trog was noncommittal.
You visited 2 branches of the dungeon, and saw 2 of its levels.

You collected 17 gold pieces.


Innate Abilities, Weirdness & Mutations

Your serpentine skin is tough. (AC +0)
You have supernaturally acute eyesight. (SInv)
Armour fits poorly on your strangely shaped body.
Your system is resistant to poisons. (rPois)
You cover ground very slowly.
You can spit poison.
You have a snake-like lower body.


   Skills:
 - Level 3.0 Fighting
 - Level 2.0 Short Blades
 - Level 1.5 Dodging
 + Level 7.4 Stealth


You couldn't memorise any spells.
You didn't know any spells.
Your spell library was empty.

Inventory:

Hand Weapons
 a - a +0 short sword (weapon) {short}
Missiles
 h - 3 poisoned darts {throwing}
Armour
 b - a +0 leather armour (worn)
Jewellery
 j - an amulet of the acrobat (around neck)
   (You found it on level 5 of the Dungeon)
Wands
 g - a wand of digging (3)
Scrolls
 c - a scroll of fog
 d - a scroll of magic mapping {!r}
 e - 3 scrolls of amnesia {unknown}
 i - a scroll of identify {unknown}

Dungeon Overview and Level Annotations

Branches:
Dungeon (5/15)             Temple (1/1) D:5

Altars:
Ashenzari
Cheibriados
Dithmenos
Elyvilon
Fedhas
Gozag
Hepliaklqana
Kikubaaqudgha
Makhleb
Nemelex Xobeh
Okawaru
Qazlal
Ru
Sif Muna
Trog
Uskayaw
Vehumet
Yredelemnul
Zin

Annotations:
D:5 exclusion: door

#.# #.# ..
#.# .# #.#
.## #.# ..
#.# .#####
#.# ...#..
#J# .#.#.#
#@# >#.#.#
#.# .#.#.#
#.# .#.#.#
#.#
.....######
#.#
[#.........
#.#
##########.
#.# .. #.#
### #.#


You could see a jelly.


Message History

You climb upwards.
There is a staircase to the Ecumenical Temple here.
An iguana is nearby!
Unknown command.
Unknown command.
(D) Dungeon (T) Temple
Where to? (Enter - D:5, ? - help) Sorry, I don't know how to get there.
There is an open door here.
An iguana comes into view.
An iguana is nearby!
An iguana is nearby!
The iguana hisses angrily.
Aiming: Spit Poison (3% risk of failure)
Press: ? - help, Shift-Dir - straight line, f - iguana
Aim: an iguana (59% to hit)
The splash of poison hits the iguana but does no damage.
The iguana is poisoned.
Okay, then.
Okay, then.
You closely miss the iguana. The iguana bites you. 😕 HP[-2]
You take 2 damage, and now have 19/21 hp.
Unknown command.
You barely miss the iguana. The iguana bites you!
* * * LOW HITPOINT WARNING * * *
😨 HP[-9]
You take 9 damage, and now have 10/21 hp.
MASSIVE DAMAGE!! (PAUSE) Unknown command.
Unknown command.
You closely miss the iguana.
You have got your breath back.
The iguana bites you.
* * * LOW HITPOINT WARNING * * *
😨 HP[-1]
You take 1 damage, and now have 9/21 hp.
Unknown command.
Unknown command.
Unknown command.
Okay, then.
Aiming: Spit Poison (3% risk of failure)
Press: ? - help, Shift-Dir - straight line, f/p - iguana
Aim: an iguana (moderately wounded, poisoned, 59% to hit)
The splash of poison hits the iguana.
The iguana looks even sicker.
The iguana barely misses you.
Okay, then.
As you read the scroll of fear, it crumbles to dust.
You assume a fearsome visage.
The iguana looks frightened!
Unknown command.
You open the door.
You have got your breath back.
There is an open door here. 😨 HP[+1]
You close the door.
Press: ? - help, v - describe, . - travel A closed door.
Placed new exclusion.
Reduced exclusion size to a single square.
Key pressed, stopping explore.
Key pressed, stopping explore.
Key pressed, stopping explore.
Key pressed, stopping explore.
You see here a +0 leather armour.
Key pressed, stopping explore.
e - 3 scrolls labelled SIADE QEINAOFU 😎 HP[+11]
Your hp is fully restored (21).
You now have 17 gold pieces.
A jelly comes into view.
No target in range!
Aiming: Spit Poison (3% risk of failure)
Press: ? - help, Shift-Dir - straight line, f - you
Okay, then.
Aiming: Spit Poison (3% risk of failure)
Press: ? - help, Shift-Dir - straight line, f - jelly
Aim: a jelly (asleep, 100% to hit)
The splash of poison hits the jelly.
The jelly completely resists.
The jelly quivers.
You have got your breath back.
Aiming: Spit Poison (3% risk of failure)
Press: ? - help, Shift-Dir - straight line, f/p - jelly
Aim: a jelly (100% to hit)
The splash of poison hits the jelly.
The jelly hits you. The acid corrodes you!
You are splashed with acid! 😮 HP[-9]
You take 9 damage, and now have 12/21 hp.
MASSIVE DAMAGE!! (PAUSE) Unknown command.
Unknown command.
You feel yourself speed up. The jelly hits you.
* * * LOW HITPOINT WARNING * * *
You are splashed with acid!
* * * LOW HITPOINT WARNING * * *
😱 HP[-11]
You take 11 damage, and now have 1/21 hp.
MASSIVE DAMAGE!! (PAUSE) Unknown command.
The jelly attacks as you move away! The jelly hits you.
You die...

Action                   || total
-------------------------++-------
Melee: Short sword       ||     6
 Abil: Spit Poison       ||     4
  Use: Scroll            ||     1
       Potion            ||     1
Dodge: Dodged            ||     2

Levels and vault maps discovered:
D:5:      layout_basic, minmay_temple_entry_waves, uniq_prince_ribbit1,
          uniq_eustachio
Temple:   mainiacjoe_temple_bowtie_tessellation

Notes
Turn   | Place    | Note
-------+----------+-------------------------------------------
     0 | D:5      | spaghetti the Naga Delver began the quest for the Orb.
     0 | D:5      | Reached XP level 1. HP: 21/21 MP: 1/1
     0 | D:5      | magus.rc [v1.9.6]
    23 | D:5      | Found a staircase to the Ecumenical Temple.
   138 | D:5      | Noticed an iguana
   140 | Temple   | Entered the Ecumenical Temple
   343 | Temple   | Became a worshipper of Trog the Wrathful
   387 | D:5      | Noticed an iguana
   633 | D:5      | Noticed a jelly
   644 | D:5      | HP: 1/21 [acid (9)]
   645 | D:5      | Slain by a jelly

Vanquished Creatures
  An orc (D:5)
1 creature vanquished.

Table legend:
 A = Non-vault XP
 B = Vault XP
 C = Vault XP percentage of total XP
 D = Non-vault monster count
 E = Vault monster count
 F = Vault count percentage of total count
                 A         B        C        D         E       F
            +---------+---------+-------+---------+---------+-------
      Total |       3 |       0 |   0.0 |       1 |       0 |   0.0
            +---------+---------+-------+---------+---------+-------
        D:5 |       3 |       0 |   0.0 |       1 |       0 |   0.0
            +---------+---------+-------+---------+---------+-------

Illustrated notes

Table legend:
 A = Kills in this place as a percentage of kills in entire the game.
 B = Kills by you in this place as a percentage of kills by you in the entire game.
 C = Kills by friends in this place as a percentage of kills by friends in the entire game.
 D = Other kills in this place as a percentage of other kills in the entire game.
 E = Experience gained in this place as a percentage of experience gained in the entire game.
 F = Experience gained in this place divided by the number of levels of this place that you have seen.
                   A       B       C       D       E      F
               +-------+-------+-------+-------+-------+----------------------
         Total | 100.0 | 100.0 |   N/A |   N/A | 100.0 |   1.5
       Dungeon | 100.0 | 100.0 |   N/A |   N/A | 100.0 |   3.0
               +-------+-------+-------+-------+-------+----------------------

Table legend: (Time is in decaauts)
 A = Elapsed time spent in this place.
 B = Non-inter-level travel time spent in this place.
 C = Inter-level travel time spent in this place.
 D = Time resting spent in this place.
 E = Time spent auto-exploring this place.
 F = Levels seen in this place.
 G = Mean time per level.
                   A        B        C        D        E       F      G
               +--------+--------+--------+--------+--------+-----+--------+
         Total |    782 |    719 |     63 |     97 |    518 |   2 |  391.0 |
       Dungeon |    481 |    472 |      9 |     97 |    285 |   1 |  481.0 |
        Temple |    300 |    247 |     53 |      0 |    232 |   1 |  300.0 |
               +--------+--------+--------+--------+--------+-----+--------+

Top non-repeatable levels by time:
     D:5: 481 daAuts
  Temple: 300 daAuts
